 Dungeon Crawl Stone Soup version 0.31-a0-662-g684573625c (webtiles) character file.

Game seed: 3735598956790975460

7 jlumianski the Trooper (level 1, -2/18 HPs)
             Began as a Demonspawn Fighter on Aug 31, 2023.
             Slain by a goblin
             ... wielding a +0 dagger
              (3 damage)
             ... on level 1 of the Dungeon.
             The game lasted 00:00:13 (42 turns).

jlumianski the Trooper (Demonspawn Fighter)           Turns: 42, Time: 00:00:14

Health: -2/18      AC:  6    Str: 16    XL:     1   Next: 83%
Magic:  1/1        EV:  8    Int:  9    God:
Gold:   7          SH:  4    Dex: 12    Spells: 0/0 levels left

rFire   . . .        a - +0 war axe
rCold   . . .        c - +0 buckler
rNeg    . . .        b - +0 scale mail
rPois   .            (no helmet)
rElec   .            (no cloak)
rCorr   .            (no gloves)
SInv    .            (no boots)
Will    .....        (no amulet) Stlth
                     (no ring)
HPRegen 0.23/turn    (no ring)
MPRegen 0.07/turn

%: no passive effects
@: no status effects
A: no striking features
a: no special abilities


You were on level 1 of the Dungeon.
You visited 1 branch of the dungeon, and saw 1 of its levels.

You collected 7 gold pieces.

Inventory:

Hand Weapons
 a - a +0 war axe (weapon)
Armour
 b - a +0 scale mail (worn)
 c - a +0 buckler (worn)
Potions
 d - a potion of might


   Skills:
 + Level 3.0 Fighting
 + Level 1.8 Axes
 + Level 2.8 Armour
 + Level 2.8 Shields


You couldn't memorise any spells.
You didn't know any spells.
Your spell library was empty.

Dungeon Overview and Level Annotations

Branches:
Dungeon (1/15)

Altars:


Message History

You hit the hobgoblin. The quokka barely misses you.
The hobgoblin barely misses you. The quokka bites you.
The hobgoblin barely misses you. The endoplasm barely misses you.
You miss the quokka.
The quokka is moderately wounded.
You barely miss the hobgoblin. You hit the endoplasm but do no damage.
You block the quokka's attack.
The hobgoblin hits you but does no damage.
The endoplasm freezes you.
You are frozen.
The quokka barely misses you.
You closely miss the quokka.
The quokka is moderately wounded.
You hit the endoplasm. You hit the hobgoblin but do no damage.
The quokka closely misses you. The endoplasm hits you.
The hobgoblin hits you but does no damage.
The quokka twitches its whiskers.
You block the quokka's attack.
The hobgoblin hits you but does no damage.
The endoplasm freezes you.
You are frozen.
* * * LOW HITPOINT WARNING * * *
You block the kobold's attack.
You barely miss the kobold. You miss the quokka.
You closely miss the hobgoblin. You hit the endoplasm.
You kill the endoplasm!
The quokka barely misses you. The hobgoblin hits you.
* * * LOW HITPOINT WARNING * * *
The kobold barely misses you.
Unknown command.
You slash the quokka!
You kill the quokka!
You barely miss the kobold. You closely miss the kobold.
You slash the hobgoblin!
You kill the hobgoblin!
The kobold closely misses you. The kobold hits you with a +0 club.
* * * LOW HITPOINT WARNING * * *
You closely miss the kobold. You hit the goblin. You closely miss the kobold.
You block the kobold's attack. The kobold closely misses you.
The goblin hits you with a +0 dagger.
You die...

.##.........
$..........
#.......... #
#..........
.#
#..........
.##..........
#.#.K........
###+###
.##)@K......
#.....##
#.##.g...##.
.......#
#.#...####
...<...+
#...#.#
.......#
#.###.#
#.....## ##.#
.. ###'###
#.## ..#
#...# ##.#
..# #...#
####.## ..#


You could see a goblin and 2 kobolds.

Vanquished Creatures
  2 endoplasms (D:1)
  A hobgoblin (D:1)
  A kobold (D:1)
  A quokka (D:1)
5 creatures vanquished.

Notes
Turn   | Place    | Note
-------+----------+-------------------------------------------
     0 | D:1      | jlumianski the Demonspawn Fighter began the quest for the
                  | Orb.
     0 | D:1      | Reached XP level 1. HP: 18/18 MP: 1/1
    42 | D:1      | Slain by a goblin

Illustrated notes

Levels and vault maps discovered:
D:1:      dpeg_arrival_another_circle, layout_rooms,
          hellmonk_ecumenical_altar_blasted

Action                     || total
---------------------------++-------
  Melee: War axe           ||    14
 Armour: Scale mail        ||    16
  Dodge: Dodged            ||    20
  Block: Buckler           ||     6

Table legend: (Time is in decaauts)
 A = Elapsed time spent in this place.
 B = Non-inter-level travel time spent in this place.
 C = Inter-level travel time spent in this place.
 D = Time resting spent in this place.
 E = Time spent auto-exploring this place.
 F = Levels seen in this place.
 G = Mean time per level.
                   A        B        C        D        E       F      G
               +--------+--------+--------+--------+--------+-----+--------+
         Total |     47 |     47 |      0 |      0 |     22 |   1 |   47.0 |
       Dungeon |     47 |     47 |      0 |      0 |     22 |   1 |   47.0 |
               +--------+--------+--------+--------+--------+-----+--------+

Top non-repeatable levels by time:
     D:1: 47 daAuts
